 Dungeon Crawl Stone Soup version 0.28.0-47-ge53b351184 (webtiles) character file.

Game seed: 6258445910962033543

176288 pkoi the Jinx (level 16, -2/139 HPs)
             Began as a Demigod Enchanter on Apr 28, 2022.
             Killed from afar by a deep elf knight (20 damage)
             ... with a shard of ice
             ... on level 1 of the Elven Halls on Apr 29, 2022.
             The game lasted 02:44:32 (57577 turns).

pkoi the Jinx (Demigod Enchanter)                  Turns: 57577, Time: 02:44:33

Health: -2/139     AC: 15    Str:  9    XL:     16   Next: 95%
Magic:  29/42      EV: 29    Int: 47    God:
Gold:   806        SH:  7    Dex: 19    Spells: 1/32 levels left

rFire   . . .      SeeInvis .   u - +7 short sword of the Skies Above {flame, rElec}
rCold   . . .      Faith    .   C - +0 buckler {reflect}
rNeg    . . .      Spirit   .   z - +3 troll leather armour {Snorg}
rPois   .          Reflect  +   I - +2 hat of the Orb Guardian {Int+4 Dex+5}
rElec   +          Harm     .   Z - scarf {shadows}
rCorr   .          Rampage  .   n - +2 pair of gloves
Will    +....                   h - +1 pair of boots
Stlth   +++++++++.              R - amulet of Peace {Acrobat Slay+2}
HPRegen 1.13/turn               e - ring of Shadows {Umbra +Inv Stlth+}
MPRegen 0.28/turn               a - ring of Compulsion {Fly MP+9 Int+6}

@: about to teleport, acrobatic, flying, wreathed by umbra, studying 2 skills
A: high MP 1, forlorn, divine attributes
a: Evoke Invisibility


You were on level 1 of the Elven Halls.
You visited 7 branches of the dungeon, and saw 30 of its levels.
You also visited: Ossuary, Bailey, Ice Cave and Volcano.

You collected 3833 gold pieces.
You spent 3027 gold pieces at shops.

Inventory:

Hand Weapons
 l - a +4 dagger of holy wrath
 u - the +7 short sword of the Skies Above (weapon) {flame, rElec}
   (You found it in a bailey)

   It burns those it strikes, dealing additional fire damage.
   rElec:     It insulates you from electricity.
 K - the +8 whip "Snakebite" {venom, curare, rPois}
   (You found it on level 5 of the Lair of Beasts)

   It poisons the flesh of those it strikes.
   It occasionally inflicts asphyxiating poison on those it strikes, dealing
   poison damage and causing slowness.
   rPois:     It protects you from poison.
Missiles
 B - 17 curare-tipped darts
 S - a throwing net
Armour
 h - a +1 pair of boots (worn)
 n - a +2 pair of gloves (worn)
 z - a +3 troll leather armour (worn) {Snorg}
 C - a +0 buckler of reflection (worn)
 I - the +2 hat of the Orb Guardian (worn) {Int+4 Dex+5}
   (You found it in an ice cave)

   Int:       It affects your intelligence (+4).
   Dex:       It affects your dexterity (+5).
 Z - a scarf of shadows (worn)
Magical Staves
 y - a staff of air
Jewellery
 a - the ring of Compulsion (right hand) {Fly MP+9 Int+6}
   (You bought it in a shop on level 13 of the Dungeon)

   [ring of intelligence]

   Int:       It affects your intelligence (+6).
   MP:        It affects your magic capacity (+9).
   Fly:       It grants you flight.
 c - a ring of protection from fire
 e - the ring of Shadows (left hand) {Umbra +Inv Stlth+}
   (You bought it in a shop on level 2 of the Orcish Mines)

   [ring of stealth]

   It surrounds you with an aura of shadow, increasing your stealth and reducing
   the accuracy of all others within it.
   +Inv:      It lets you turn invisible.
   Stlth:     It makes you more stealthy.
 H - a ring of protection from cold
 J - a ring of see invisible
 R - the amulet of Peace (around neck) {Acrobat Slay+2}
   (You found it on level 11 of the Dungeon)

   [amulet of the acrobat]

   It increases your evasion while moving and waiting.
   Slay:      It affects your accuracy & damage with ranged weapons and melee
   (+2).
 T - a +4 ring of protection
Wands
 i - a wand of charming (4)
 m - a wand of paralysis (13)
 G - a wand of acid (5)
 N - a wand of flame (38)
 V - a wand of iceblast (21)
 X - a wand of polymorph (12)
Scrolls
 f - 2 scrolls of enchant weapon
 g - 8 scrolls of teleportation
 o - 3 scrolls of fog
 p - 4 scrolls of fear
 s - 3 scrolls of magic mapping
 t - 9 scrolls of blinking
 A - 2 scrolls of summoning
 E - a scroll of holy word
 Y - 3 scrolls of silence
Potions
 b - 2 potions of haste
 d - 10 potions of curing
 k - 5 potions of resistance
 q - 4 potions of brilliance
 r - 4 potions of magic
 v - 2 potions of invisibility
 w - 2 potions of cancellation
 x - 9 potions of heal wounds
 L - 5 potions of might
 Q - a potion of ambrosia
Miscellaneous
 j - a phantom mirror
 F - a condenser vane
 O - a lightning rod (4/4)


   Skills:
 - Level 12.1 Fighting
 - Level 12.0 Short Blades
 - Level 6.0 Armour
 - Level 5.3 Dodging
 - Level 12.1 Stealth
 - Level 9.0 Shields
 + Level 8.7 Spellcasting
 - Level 3.0 Conjurations
 - Level 14.0 Hexes
 + Level 3.0 Summonings
 - Level 0.9 Necromancy
 + Level 2.9 Translocations
 - Level 6.0 Fire Magic
 - Level 6.0 Ice Magic
 - Level 6.0 Air Magic
 - Level 6.0 Poison Magic
 - Level 6.0 Evocations


You had one spell level left.
You knew the following spells:

 Your Spells              Type           Power      Damage    Failure   Level
a - Shock                 Conj/Air       100%       1d9       1%          1
b - Ensorcelled Hibernat  Hex/Ice        100%       N/A       1%          2
c - Poisonous Vapours     Pois/Air       100%       N/A       1%          2
d - Confusing Touch       Hex            100%       N/A       1%          3
e - Airstrike             Air            33%        N/A       1%          4
f - Cause Fear            Hex            50%        N/A       1%          4
g - Olgreb's Toxic Radia  Pois           67%        N/A       1%          4
h - Tukima's Dance        Hex            100%       N/A       1%          3
i - Inner Flame           Hex/Fire       85%        N/A       1%          3
j - Summon Forest         Summ/Tloc      24%        N/A       17%         5

Your spell library contained the following spells:

 Spells                   Type           Power      Damage    Failure   Level
 Beastly Appendage        Tmut           40%        N/A       1%          1
 Foxfire                  Conj/Fire      100%       2x1d9     1%          1
 Sandblast                Erth           40%        2d10      1%          1
 Sting                    Tmut/Pois      100%       1d8       1%          1
 Blink                    Tloc           96%        N/A       1%          2
 Conjure Flame            Conj/Fire      58%        6-21      1%          3
 Dazzling Flash           Conj/Hex       100%       N/A       1%          3
 Gell's Gravitas          Tloc           48%        N/A       1%          3
 Spider Form              Tmut/Pois      48%        N/A       1%          3
 Swiftness                Air            67%        N/A       1%          3
 Teleport Other           Tloc           48%        N/A       1%          3
 Summon Mana Viper        Hex/Summ       79%        N/A       1%          5
 Passwall                 Tmut/Erth      16%        N/A       3%          2
 Wereblood                Tmut           20%        N/A       3%          2
 Stone Arrow              Conj/Erth      68%        3d11      3%          3
 Flame Wave               Conj/Fire      58%        2d11      3%          4
 Yara's Violent Unravell  Hex/Tmut       36%        3d15      3%          5
 Enfeeble                 Hex            50%        N/A       5%          7
 Manifold Assault         Tloc           48%        N/A       17%         5
 Dispersal                Tloc           24%        N/A       67%         6
 Summon Cactus Giant      Summ           24%        N/A       67%         6
 Storm Form               Tmut/Air       24%        N/A       99%         7
 Dragon Form              Tmut           10%        N/A       100%        7
 Disjunction              Tloc           24%        N/A       100%        8
 Dragon's Call            Summ           24%        N/A       100%        9


Dungeon Overview and Level Annotations

Branches:
Dungeon (15/15)            Temple (1/1) D:5            Lair (6/6) D:11
  Swamp (3/4) Lair:2       Spider (1/4) Lair:4        Slime (0/5) Lair:6
    Orc (2/2) D:11            Elf (2/3) Orc:2        Vaults (0/5) D:13
 Depths (0/4) D:15        Ossuary (visited)          Bailey (visited)
  IceCv (visited)         Volcano (visited)

Shops:
D:1 !   D:8 ((!*   D:11 ?   D:13 =*   Orc:1 (   Orc:2 :*[(   Elf:1 *

Portals:
Abyss: D:15
Trove: Elf:1 (give horn of Geryon)

Annotations:
D:14 1 runed translucent door
D:15 2 transporters, MuffinSoup's ghost, journeyman OpWz
Lair:5 1 runed translucent door, Destinykillz's ghost, journeyman DrAE
Lair:6 2 transporters, Tyvvaakk's ghost, journeyman MfBe


Innate Abilities, Weirdness & Mutations

You have an increased reservoir of magic. (+10% MP)
You shall have no god before yourself.
Your divine heritage dramatically boosts your attributes as you level up.


Message History

The deep elf archer is poisoned.
The deep elf archer looks even sicker.
The deep elf knight looks even sicker.
The deep elf zephyrmancer looks even sicker.
The deep elf archer looks even sicker.
The deep elf zephyrmancer mumbles some strange words.
The deep elf zephyrmancer blinks!
The deep elf archer looks as sick as possible!
The deep elf knight looks even sicker.
The deep elf knight misses you.
The deep elf zephyrmancer mumbles some strange words.
The deep elf zephyrmancer blinks!
Your toxic aura wanes.
The deep elf knight hits you with a +2 scimitar of holy wrath!!
* * * LOW HITPOINT WARNING * * *
Casting: Olgreb's Toxic Radiance (mildly dangerous; 1% risk of failure)
Confirm with . or Enter, or press ? or * to list all spells.
Aiming: Ensorcelled Hibernation (safe; 1% risk of failure)
Press: ? - help, Shift-Dir - straight line, f - deep elf knight, p - deep elf archer
Aim: a deep elf knight, wielding a +2 scimitar of holy wrath and wearing a +0 buckler (severely wounded, fast, very poisoned, umbra, chance to affect: 21%)
Okay, then.
Unknown command.
The deep elf knight misses you.
As you read the scroll of teleportation, it crumbles to dust.
You feel strangely unstable.
The deep elf knight hits you with a +2 scimitar of holy wrath!
* * * LOW HITPOINT WARNING * * *
The deep elf knight casts a spell.
The deep elf knight flickers and vanishes!
You hear a twanging sound.
An arrow appears from out of thin air!
The arrow closely misses you.
The deep elf archer shoots an arrow.
Reactivating autopickup.
You feel a bit more experienced.
You hear a twanging sound.
An arrow appears from out of thin air!
Deactivating autopickup; reactivate with Ctrl-A.
The arrow misses you.
You hear some strange, mumbled words.
A shard of ice appears from out of thin air!
The shard of ice hits you!!
You die...

#.#.## #####
#.#..#######...##
#.##......#.....#####
#.##............'....
#.##..∩..##.....#####
#.##....)......##
#.......########
####[#### #@# #.# #.#
#)# #{# #.######..
#e#....... #e#..#
#...##


You could see a deep elf archer (repels missiles, very poisoned).

Vanquished Creatures
  Nikola (Lair:4)
  2 orc warlords
  Louise (Swamp:2)
  A deep elf sorcerer (Elf:1)
  A juggernaut zombie (D:15)
  3 reapers (IceCv)
  Nessos (D:12)
  An eleionoma (Swamp:2)
  The ghost of AlmostDecent the Severer, a journeyman FoFi of Makhleb (D:10)
  A red draconian (Volcano)
  A bunyip (Swamp:3)
  A spark wasp (Spider:1)
  Josephine (Orc:1)
  Snorg (D:14)
  10 hydras
  A caustic shrike simulacrum (IceCv)
  A catoblepas (Lair:4)
  2 boulder beetles
  8 vault guards (D:13)
  A radroach (shapeshifter) (Elf:1)
  5 centaur warriors
  A death knight (D:15)
  An ogre mage (Volcano)
  10 dancing weapons
  9 two-headed ogres
  13 alligators
  A tengu warrior (D:15)
  17 death yaks
  A titan zombie (D:15)
  2 deep elf knights
  5 orc high priests
  Sonja (Lair:6)
  11 skeletal warriors
  A spectral death yak (Lair:6)
  3 goliath frogs
  A pharaoh ant (Spider:1)
  A storm dragon skeleton (D:15)
  A shadow wraith (D:14)
  A spriggan druid (Swamp:2)
  A swamp dragon (Swamp:3)
  An orb spider (Spider:1)
  A wizard (D:14)
  4 spriggan simulacra (IceCv)
  2 deep elf archers (Elf:1)
  6 bog bodies
  An obsidian statue (IceCv)
  A phantasmal warrior (D:15)
  7 deep elf pyromancers
  6 deep elf zephyrmancers
  A necromancer (D:15)
  3 orc knights
  3 orc sorcerers
  A frost giant zombie (D:15)
  12 ugly things
  An oklob plant (Lair:4)
  A wolf spider (D:13)
  9 slime creatures
  3 manticores
  5 cyclopes
  16 elephants
  2 will-o-the-wisps
  2 molten gargoyles (Volcano)
  5 black mambas
  A water nymph (shapeshifter) (D:13)
  16 cane toads
  2 gargoyles
  5 torpor snails
  A dire elephant skeleton (Lair:6)
  A demonic crawler (Lair:4)
  10 freezing wraiths
  A kobold demonologist (D:12)
  10 komodo dragons
  4 entropy weaver simulacra (IceCv)
  A tengu conjurer (D:12)
  An ice devil (IceCv)
  A guardian mummy (D:15)
  3 meliai (Spider:1)
  2 bloated husks (Swamp:1)
  5 polar bears
  9 tyrant leeches
  5 trolls (Orc:1)
  A wolf spider simulacrum (D:14)
  A tarantella (Spider:1)
  6 hornets
  16 blink frogs
  A blink frog (shapeshifter) (D:15)
  10 dream sheep
  2 air elementals
  A culicivora (Spider:1)
  4 water elementals (Elf:1)
  7 spriggans
  2 jumping spiders (Spider:1)
  68 yaks
  2 fire bats (Volcano)
  6 wyverns
  6 wraiths
  3 basilisks
  A basilisk (shapeshifter) (D:15)
  A fire elemental (Elf:1)
  A steam dragon (D:9)
  Eustachio (D:4)
  2 minotaur simulacra (IceCv)
  15 vampire mosquitoes
  A redback (Spider:1)
  A redback (shapeshifter) (Elf:2)
  4 wargs (Orc:1)
  A harpy simulacrum (IceCv)
  A spectral cane toad (Lair:6)
  10 swamp worms
  An acid dragon (D:11)
  21 water moccasins
  3 sky beasts
  2 swamp drakes
  35 orc warriors
  3 elephant zombies (Lair:6)
  2 ice beasts
  12 ogres
  2 alligator simulacra (IceCv)
  2 black bears
  A necrophage (D:5)
  2 ettin simulacra (IceCv)
  A hornet zombie (D:9)
  11 wolves
  6 boggarts
  2 elephant skeletons (Lair:6)
  A phantom (D:5)
  3 kobold brigands
  10 bullfrogs
  A gnoll sergeant (Orc:1)
  A cane toad simulacrum (Lair:6)
  2 deep troll simulacra (IceCv)
  12 scorpions
  A wyvern zombie (D:6)
  An elephant simulacrum (Lair:6)
  A water moccasin skeleton (D:5)
  A lindwurm simulacrum (IceCv)
  6 killer bees (D:9)
  6 howler monkeys
  6 lava snakes (Volcano)
  5 centaur zombies
  A crimson imp (D:4)
  2 hounds
  A human zombie (Ossuary)
  13 jellies
  2 gnoll shamans
  32 orc priests
  2 centaur skeletons
  An iguana (D:2)
  24 orc wizards
  5 scorpion zombies
  3 mummies (Ossuary)
  A hound skeleton (D:4)
  A howler monkey zombie (D:11)
  18 gnolls
  7 adders
  A shadow imp (D:5)
  2 white imps
  3 ufetubi
  An adder skeleton (D:5)
  5 worms
  2 dart slugs
  71 orcs
  3 ball pythons
  9 endoplasms
  4 giant cockroaches
  3 gnoll zombies (Ossuary)
  6 hobgoblins
  24 kobolds
  2 quokkas
  3 bats
  4 frilled lizards
  16 goblins
  A goblin skeleton (D:4)
  9 goblin zombies
  5 hobgoblin zombies
  2 kobold skeletons (D:4)
  3 kobold zombies
  An orc skeleton (D:4)
  2 orc zombies
  5 rats
935 creatures vanquished.

Vanquished Creatures (collateral kills)
  A deep elf knight (Elf:1)
1 creature vanquished.

Vanquished Creatures (others)
  A deep elf knight (Elf:1)
  A deep elf pyromancer (Elf:2)
  A bloated husk (Swamp:3)
  An orc wizard (Orc:2)
  4 foxfires (Swamp:3)
  36 fungi
  45 plants
  26 withered plants
115 creatures vanquished.

Grand Total: 1051 creatures vanquished

Notes
Turn   | Place    | Note
-------+----------+-------------------------------------------
     0 | D:1      | pkoi the Demigod Enchanter began the quest for the Orb.
     0 | D:1      | Reached XP level 1. HP: 14/14 MP: 5/5
    61 | D:1      | Reached skill level 1 in Short Blades
   190 | D:1      | Found Xutofuof's Distillery.
   884 | D:1      | Reached XP level 2. HP: 5/22 MP: 7/7
  1222 | D:1      | Learned a level 1 spell: Shock
  2168 | D:2      | Reached skill level 1 in Fighting
  2209 | D:2      | Learned a level 2 spell: Ensorcelled Hibernation
  2444 | D:2      | Reached XP level 3. HP: 10/28 MP: 2/8
  3047 | D:2      | Reached skill level 1 in Conjurations
  3791 | D:2      | Reached XP level 4. HP: 29/35 MP: 2/9
  3810 | D:2      | Reached skill level 1 in Ice Magic
  4644 | D:3      | Reached XP level 5. HP: 31/41 MP: 6/11
  5339 | D:3      | Learned a level 2 spell: Poisonous Vapours
  5982 | D:4      | Found a sand-covered staircase.
  5991 | Ossuary  | Entered an ossuary
  6046 | Ossuary  | Reached skill level 3 in Hexes
  6046 | Ossuary  | Reached XP level 6. HP: 25/50 MP: 6/12
  6614 | Ossuary  | Learned a level 3 spell: Confusing Touch
  6674 | Ossuary  | Reached skill level 1 in Evocations
  6954 | Ossuary  | Reached XP level 7. HP: 50/57 MP: 10/13
  7714 | Ossuary  | Reached skill level 4 in Hexes
  8301 | D:4      | Reached XP level 8. HP: 33/67 MP: 9/15
  9249 | D:4      | Noticed Eustachio
  9265 | D:4      | Killed Eustachio
  9266 | D:4      | Reached skill level 5 in Fighting
  9266 | D:4      | Reached skill level 5 in Short Blades
  9518 | D:5      | Entered Level 5 of the Dungeon
  9675 | D:5      | Reached skill level 5 in Stealth
 10286 | D:5      | Found a staircase to the Ecumenical Temple.
 10292 | D:5      | Reached skill level 1 in Shields
 10314 | Temple   | Entered the Ecumenical Temple
 11099 | D:6      | Reached XP level 9. HP: 38/75 MP: 16/16
 11803 | D:6      | Reached skill level 1 in Air Magic
 11803 | D:6      | Reached skill level 1 in Poison Magic
 12800 | D:7      | Found a flagged portal.
 12836 | Bailey   | Entered a bailey
 12873 | Bailey   | Noticed an orc warlord
 12997 | Bailey   | Reached skill level 5 in Hexes
 13281 | Bailey   | Found a runed translucent gate.
 13283 | Bailey   | Found a runed translucent gate.
 13319 | Bailey   | Found a runed translucent gate.
 13585 | Bailey   | Identified the +7 short sword of the Skies Above {flame,
                  | rElec}
 13606 | D:7      | Reached skill level 5 in Dodging
 13606 | D:7      | Reached XP level 10. HP: 84/84 MP: 17/17
 14159 | D:7      | Noticed a two-headed ogre
 14164 | D:7      | Killed a two-headed ogre
 14568 | D:8      | Found Obycrim's Distillery.
 14968 | D:8      | Found Viluopra's General Store.
 15060 | D:8      | Found Botredy's Antique Weapon Shoppe.
 15184 | D:8      | Found Dicweom's Weapon Emporium.
 15596 | D:9      | Reached XP level 11. HP: 82/91 MP: 11/19
 16073 | D:9      | Found the +7 staff of the Meek {protect, meekguard}
 16247 | D:10     | Entered Level 10 of the Dungeon
 16284 | D:10     | Noticed a two-headed ogre
 17037 | D:10     | Noticed a two-headed ogre
 17044 | D:10     | Killed a two-headed ogre
 17165 | D:10     | Reached skill level 5 in Armour
 17232 | D:10     | Killed a two-headed ogre
 17448 | D:11     | Found Couj's Magic Scroll Shop.
 17693 | D:11     | Identified the amulet of Peace {Acrobat Slay+2}
 17764 | D:11     | Found a staircase to the Orcish Mines.
 17842 | D:11     | Found a staircase to the Lair.
 17843 | D:11     | Noticed a death yak
 18446 | D:10     | Killed a death yak
 18447 | D:10     | Reached skill level 6 in Hexes
 18565 | D:11     | Learned a level 4 spell: Airstrike
 18835 | D:11     | Learned a level 4 spell: Cause Fear
 19075 | D:8      | Bought a scroll of acquirement for 728 gold pieces
 19214 | D:11     | Noticed a five-headed hydra
 19239 | D:11     | Killed a five-headed hydra
 19785 | D:11     | Noticed a skeletal warrior
 19785 | D:11     | Noticed a skeletal warrior
 19785 | D:11     | Noticed a skeletal warrior
 19785 | D:11     | Noticed a skeletal warrior
 19816 | Lair:1   | Entered Level 1 of the Lair of Beasts
 20257 | Lair:1   | Reached XP level 12. HP: 92/101 MP: 2/22
 20744 | Lair:1   | Noticed a four-headed hydra
 20757 | Lair:1   | Killed a four-headed hydra
 22248 | Lair:2   | Found a staircase to the Swamp.
 23271 | Lair:3   | Found a dark tunnel.
 23281 | Volcano  | Entered a volcano
 23844 | Volcano  | Noticed an ogre mage
 23866 | Volcano  | Killed an ogre mage
 23961 | Volcano  | Noticed a red draconian
 23982 | Volcano  | Killed a red draconian
 24168 | Volcano  | Reached XP level 13. HP: 97/111 MP: 19/24
 25402 | Lair:4   | Reached skill level 5 in Spellcasting
 25402 | Lair:4   | Reached skill level 5 in Poison Magic
 25578 | Lair:3   | Learned a level 4 spell: Olgreb's Toxic Radiance
 25596 | Lair:4   | Reached skill level 5 in Air Magic
 26065 | Lair:4   | Found a hole to the Spider Nest.
 26359 | Lair:4   | Reached skill level 7 in Hexes
 26660 | Lair:4   | Reached skill level 5 in Ice Magic
 27714 | Lair:3   | Reached skill level 10 in Stealth
 28412 | Lair:5   | Found a runed translucent door.
 28412 | Lair:5   | Noticed Destinykillz's ghost (journeyman DrAE)
 29360 | Lair:5   | Found the +8 whip "Snakebite" {venom, curare, rPois}
 29685 | Lair:6   | Entered Level 6 of the Lair of Beasts
 29712 | Lair:6   | Found a transporter.
 29712 | Lair:6   | Found a transporter.
 29761 | Lair:6   | Noticed Tyvvaakk's ghost (journeyman MfBe)
 30116 | Lair:6   | Reached XP level 14. HP: 118/119 MP: 10/26
 30277 | Lair:6   | Noticed Sonja
 30292 | Lair:6   | Killed Sonja
 30937 | Lair:6   | Reached skill level 10 in Short Blades
 30985 | Lair:6   | Reached skill level 10 in Fighting
 31495 | Lair:6   | Reached skill level 8 in Hexes
 31625 | Lair:6   | Found a staircase to the Slime Pits.
 33896 | Orc:1    | Entered Level 1 of the Orcish Mines
 33919 | Orc:1    | Noticed AlmostDecent's ghost (journeyman FoFi)
 33928 | Orc:1    | Found a runed translucent gate.
 33928 | Orc:1    | Found a runed translucent gate.
 33962 | Orc:1    | Found a runed translucent gate.
 34151 | D:10     | Killed AlmostDecent's ghost
 34171 | D:12     | Noticed Nessos
 34176 | D:12     | Killed Nessos
 34182 | D:12     | Reached skill level 9 in Hexes
 34885 | D:13     | Found Teqeul's Gadget Gallery.
 34910 | D:13     | Found a gate to the Vaults.
 35397 | D:13     | Reached skill level 10 in Hexes
 35543 | D:13     | Found Muefuny's Jewellery Boutique.
 35563 | D:13     | Acquired 735 gold pieces
 35565 | D:13     | Bought the ring of Compulsion {Fly MP+9 Int+6} for 1211
                  | gold pieces
 35840 | D:13     | Identified the +11 flail of Qogg {flame, *Slow rF+ rC+
                  | Dex+6}
 36124 | D:13     | Identified the +1 leather armour of Lugonu's Generosity
                  | {rF+}
 36609 | D:13     | Reached XP level 15. HP: 128/128 MP: 28/28
 37635 | D:14     | Found a runed translucent door.
 37637 | D:14     | Noticed a sphinx
 37675 | D:14     | Reached skill level 11 in Hexes
 37708 | D:14     | Noticed Snorg
 38748 | D:14     | Reached skill level 5 in Evocations
 39226 | D:14     | Killed Snorg
 39509 | D:15     | Entered Level 15 of the Dungeon
 39534 | D:15     | Found a staircase to the Depths.
 39698 | Orc:2    | Entered Level 2 of the Orcish Mines
 40024 | D:15     | Found a one-way gate to the infinite horrors of the Abyss.
 40024 | D:15     | Noticed MuffinSoup's ghost (journeyman OpWz)
 40052 | D:15     | Reached skill level 12 in Hexes
 40208 | D:15     | Found a transporter.
 41227 | D:15     | Found a transporter.
 41262 | D:15     | Learned a level 3 spell: Tukima's Dance
 41585 | Swamp:1  | Entered Level 1 of the Swamp
 41611 | Swamp:1  | Learned a level 3 spell: Inner Flame
 42052 | Swamp:1  | Reached skill level 1 in Fire Magic
 42967 | Swamp:2  | Identified the +5 tower shield of Intercession {rN+ Will+
                  | Dex+2}
 42967 | Swamp:2  | Noticed Louise
 42979 | Swamp:2  | Killed Louise
 43340 | Swamp:2  | Identified the +4 ring mail of the Haunted Dragon {Harm rC+
                  | Str-2}
 45159 | Swamp:3  | Reached XP level 16. HP: 138/138 MP: 26/30
 46483 | Lair:4   | Reached skill level 13 in Hexes
 47151 | Spider:1 | Entered Level 1 of the Spider Nest
 48318 | Lair:4   | Found a hole to the Spider Nest.
 48814 | Spider:1 | Noticed Nikola
 48847 | Lair:4   | Killed Nikola
 49076 | Orc:2    | Noticed Josephine
 50357 | Orc:1    | Killed Josephine
 51800 | Orc:2    | Found a staircase to the Elven Halls.
 51886 | Orc:1    | Found Fyck's Antique Weapon Shoppe.
 52110 | Orc:2    | Found Puziggu's Book Shoppe.
 52111 | Orc:2    | Found Caummet's Armour Emporium.
 52112 | Orc:2    | Found Puedd's Weapon Emporium.
 52115 | Orc:2    | Found Usaimeto's General Store.
 52137 | Orc:2    | Bought the ring of Shadows {Umbra +Inv Stlth+} for 440 gold
                  | pieces
 52137 | Orc:2    | Found the ring of Shadows {Umbra +Inv Stlth+}
 52756 | Elf:1    | Entered Level 1 of the Elven Halls
 52771 | Elf:1    | Reached skill level 5 in Fire Magic
 52777 | Elf:1    | Found a portal to a secret trove of treasure.
 52883 | Elf:1    | You are sucked into a shaft and drop 1 floor!
 52979 | Elf:2    | Found a frozen archway.
 52984 | IceCv    | Entered an ice cave
 53320 | IceCv    | Reached skill level 14 in Hexes
 55235 | IceCv    | Learned a level 5 spell: Summon Forest
 55723 | IceCv    | Identified the +2 hat of the Orb Guardian {Int+4 Dex+5}
 55876 | Elf:2    | Reached skill level 1 in Summonings
 55950 | Elf:2    | Reached skill level 1 in Translocations
 55959 | Elf:2    | Paralysed by an air elemental for 1 turns
 55962 | Elf:2    | Paralysed by an air elemental for 1 turns
 57410 | Elf:1    | Found Megisyat's Merry Market.
 57417 | Elf:1    | Bought a book of Misfortune for 648 gold pieces
 57577 | Elf:1    | Killed from afar by a deep elf knight

Illustrated notes

Levels and vault maps discovered:
D:1:      minmay_arrival_stone_box, layout_basic,
          hellmonk_ecumenical_altar_pennies_from_heaven, serial_shops,
          nicolae_shop_advertising_works [nicolae_subvault_shop_adworks]
D:2:      layout_basic, hangedman_decor_points, grunt_ministairs_7
D:3:      layout_loops_ring, mainiacjoe_overflow_concentric_impassable,
          mainiacjoe_overflow_swirl
D:4:      layout_cave_pools, nicolae_tso_besieged_by_evil,
          nicolae_ossuary_entry_ruins, grunt_ministairs_7, minivault_14,
          minmay_manual_maat, uniq_eustachio
D:5:      layout_basic, minmay_temple_entry_proselytizer
D:6:      layout_basic
D:7:      layout_basic, enter_bailey_3
D:8:      layout_basic, lemuel_coloured_pillars_altar, serial_shops,
          kennysheep_little_box, nicolae_shop_behind_doors, shop,
          kennysheep_mini_moat
D:9:      hellmonk_warped_wall, layout_stronghold, serial_glass,
          glass_columns_b, glass_columns_b, unseen_surprise_small,
          feat_on_display, feat_on_display, item_on_display_b
D:10:     nicolae_cairo_tiling_very_big, layout_cave_pools
D:11:     layout_loops_ring, david_lair_generic, minmay_orc_entry_temple_large,
          serial_shops, shop_coins
D:12:     layout_irregular_city, uniq_nessos
D:13:     minmay_tri_box, layout_gridville, erik_vaults_2, serial_shops,
          shop_statue, nicolae_shop_gadgets
D:14:     layout_basic, kennysheep_nub, minmay_hidden_floor, uniq_snorg
D:15:     gammafunk_depths_entry_grave, layout_cave_pods, roderic_roman_lattice,
          gammafunk_ghost_abyssal_escape
Temple:   minmay_temple_bridge_d
Lair:1:   layout_gridlike, eino_small_chamber_without_monster,
          chequers_serial_rivers_small_3
Lair:2:   layout_chaotic_city, minmay_swamp_entry_worms, minivault_27,
          grunt_megastairs_1, serial_bayou_shore_b
Lair:3:   layout_roguey, nicolae_volcano_entry_two_sided, serial_bayou_ford_a,
          grunt_megastairs_5, infiniplex_staircase_pool_2
Lair:4:   layout_hall_layers, spider_nest_entry_web_field,
          hangedman_lair_generics_rect, lemuel_fruit_tree, grunt_megastairs_3,
          serial_bayou_shore_b
Lair:5:   minmay_guarded_unrand_snakebite, layout_cave_pods, ebering_ghost_xom
Lair:6:   due_jungle_book, layout_long_grid, minmay_slime_entry_jelly_boxes,
          gammafunk_ghost_wrathful_warriors, uniq_sonja
Swamp:1:  layout_basic_swamp, evilmike_swamp_ruin_house_2
Swamp:2:  layout_basic_swamp, serial_swamp_ruin, evilmike_swamp_ruin_house_5,
          evilmike_swamp_ruin_house_4, infiniplex_staircase_pool, uniq_louise
Swamp:3:  layout_falls_marsh, nicolae_swamp_some_circles, swamp_pool2
Spider:1: layout_spider_delve, ebering_ghost_rock_garden,
          hellmonk_deceptive_appearances, uniq_nikola
Orc:1:    layout_diamond_mine, gammafunk_ghost_split, serial_shops,
          nicolae_shop_stone
Orc:2:    st_orc_mages, layout_caves, uniq_josephine
Elf:1:    hangedman_staggered_hall, layout_geoelf_diagonals,
          nicolae_trove_entry_isolated, evilmike_minifort,
          nicolae_alphabet_shops
Elf:2:    nicolae_elf_blades_crystal_corner, layout_geoelf_octagon,
          portal_ice_cave_entry_pillars_four, serial_shops, nicolae_shop_crystal

Skill      XL: |  1  2  3  4  5  6  7  8  9 10 11 12 13 14 15 16 |
---------------+-------------------------------------------------+-----
Short Blades   | 1 2 3 4 5 6 7 9 11 12 | 12.0
Stealth        | 3 4 5 6 7 9 10 11 12 | 12.1
Fighting       | 1 2 3 4 5 6 7 9 10 11 12 | 12.1
Spellcasting   | 2 3 4 5 6 8 |  8.7
Conjurations   | 1 3 |  3.0
Ice Magic      | 1 2 3 4 5 6 |  6.0
Hexes          | 3 4 5 6 7 10 12 14 | 14.0
Evocations     | 1 2 3 6 |  6.0
Shields        | 1 7 8 9 |  9.0
Air Magic      | 2 3 4 5 6 |  6.0
Poison Magic   | 2 4 6 |  6.0
Armour         | 4 5 6 |  6.0
Dodging        | 5 |  5.3
Fire Magic     | 2 6 |  6.0
Summonings     | 3 |  3.0
Translocations | 2 |  2.9
Necromancy     | |  0.9

Action                   |  1- 3 |  4- 6 |  7- 9 | 10-12 | 13-15 | 16-18 || total
-------------------------+-------+-------+-------+-------+-------+-------++-------
Melee: Dagger            |   122 |   219 |   407 |    25 |    85 |       ||   858
       Punch             |     2 |       |     3 |       |       |       ||     5
       Rapier            |    10 |    20 |       |       |       |       ||    30
       Short sword       |       |       |       |   441 |   808 |   288 ||  1537
       Staff             |       |       |       |     3 |       |       ||     3
       Whip              |       |       |       |       |     8 |    16 ||    24
 Cast: Ensorcelled Hiber |    12 |    33 |    96 |   164 |   292 |    34 ||   631
       Confusing Touch   |       |       |    19 |    13 |    56 |    14 ||   102
       Shock             |       |       |     4 |       |       |       ||     4
       Poisonous Vapours |       |       |     4 |    18 |    43 |    16 ||    81
       Olgreb's Toxic Ra |       |       |       |       |    31 |    32 ||    63
       Airstrike         |       |       |       |       |    51 |   205 ||   256
       Inner Flame       |       |       |       |       |    23 |    62 ||    85
       Tukima's Dance    |       |       |       |       |     1 |     7 ||     8
       Cause Fear        |       |       |       |       |       |     6 ||     6
Evoke: Wand              |       |     1 |     1 |       |       |     9 ||    11
  Use: Potion            |     2 |     1 |     3 |       |       |     1 ||     7
       Scroll            |     4 |     5 |    11 |     6 |     2 |     3 ||    31
 Stab: Sleeping          |    10 |    24 |    67 |   108 |   191 |    29 ||   429
       Paralysed         |       |     1 |     1 |       |       |       ||     2
       Confused          |       |       |    25 |    14 |    75 |     3 ||   117
       Distracted        |       |       |       |     1 |     1 |       ||     2
Armor: Robe              |    19 |    42 |    99 |   127 |   199 |       ||   486
       Troll leather arm |       |       |       |       |    93 |   105 ||   198
Dodge: Dodged            |    76 |   107 |   218 |   315 |   515 |   253 ||  1484
Block: Buckler           |       |       |       |   130 |   189 |   126 ||   445
       Reflection        |       |       |       |       |     2 |     3 ||     5
